 Dungeon Crawl Stone Soup version 0.24-a0-355-gbe4061de67 (console) character file.

Game seed: 12845880955105030946

334 Voker57 the Skirmisher (level 6, -2/51 HPs)
             Began as a Demonspawn Monk on May 24, 2019.
             Was a Believer of Okawaru.
             Killed by nerve-wracking pain
             ... invoked by Grinder
              (14 damage)
             ... on level 4 of the Dungeon.
             The game lasted 00:03:50 (3017 turns).

Voker57 the Skirmisher (Demonspawn Monk)            Turns: 3017, Time: 00:03:50

Health: -2/51      AC:  6    Str: 12 (15) XL:     6   Next: 27%
Magic:  7/7        EV: 11    Int:  8 (11) God:    Okawaru [**....]
Gold:   172        SH:  0    Dex: 15 (16) Spells: 5/5 levels left

rFire    . . .     SeeInvis .   a - +1 falchion
rCold    . . .     Gourm    .   (no shield)
rNeg     . . .     Faith    .   f - +0 scale mail (curse)
rPois    .         Spirit   .   (helmet restricted)
rElec    .         Reflect  .   (no cloak)
rCorr    .         Harm     .   (no gloves)
MR       .....                  (no boots)
Stlth    ++........             (no amulet)
HPRegen  0.17/turn              g - ring of stealth
MPRegen  0.10/turn              (no ring)

@: hasted, very quick
A: beak, talons 2, demonic guardian 1, spiny 1, strong 1
a: Heroism, Renounce Religion


You were on level 4 of the Dungeon.
You worshipped Okawaru.
Okawaru was pleased with you.
You were not hungry.

You visited 1 branch of the dungeon, and saw 4 of its levels.

You collected 172 gold pieces.

Inventory:

Hand Weapons
 a - a +1 falchion (weapon)
Armour
 b - a +1 robe
 f - a cursed +0 scale mail (worn)
Jewellery
 g - a ring of stealth (left hand)
 n - an uncursed amulet of faith {unknown}
Scrolls
 d - a scroll of fear
 e - 2 scrolls of remove curse
 j - a scroll of amnesia
 k - a scroll of teleportation {unknown}
 m - a scroll of fog {unknown}
Comestibles
 c - 8 rations
 l - 5 chunks of flesh


   Skills:
 + Level 5.2 Fighting
 - Level 2.6 Long Blades
 + Level 4.7 Dodging
 - Level 1.7 Stealth
 + Level 2.5 Invocations


You had 5 spell levels left.
You didn't know any spells.
Your spell library was empty.

Dungeon Overview and Level Annotations

Branches:
Dungeon (4/15)
 Temple: D:4-7

Altars:
Ashenzari
Elyvilon
Kikubaaqudgha
Okawaru
Trog
Xom
The Shining One

Annotations:
D:4 Grinder


Innate Abilities, Weirdness & Mutations

You have razor-sharp toenails.
A weak demonic guardian rushes to your aid.
You are partially covered in sharp spines.
You have a beak for a mouth.
Your muscles are strong. (Str +2)


Message History

You are too injured to fight recklessly!
You are too injured to fight recklessly!
You are too injured to fight recklessly!
You barely miss Grinder.
Grinder is lightly wounded.
Your iron imp hits Grinder!
Grinder is struck by your spines. Grinder hits you but does no damage.
It was a potion of degeneration.
There was something very wrong with that liquid.
You feel weakened.
You feel dopey.
You feel clumsy. Grinder is struck by your spines.
Grinder hits you but does no damage.
Your iron imp hits Grinder!
It was a potion of haste.
You feel yourself speed up. Grinder gestures at you.
Pain shoots through your body!
* * * LOW HITPOINT WARNING * * *
Your iron imp barely misses Grinder.
Grinder gestures at you. Pain shoots through your body!
You die...

#...........
#..........
#######..........
#.....##.....######
#......'.....# ..#
#......#.....# ...#
#......#.....#....#
#......#....)'....#
#...##.#...†.###..#
#...##@###.....# #
#....#.5.#.....#
#....#5..#.....#
#....#...#.....#
#... #...#.<...#
#...#.........
....#.........
....#.........
....#.........
#.........


You could see Grinder and a friendly iron imp.

Vanquished Creatures
  A hound (D:4)
  An orc wizard (D:3)
  Crazy Yiuf (D:3)
  4 gnolls (D:3)
  3 adders
  An ooze (D:3)
  5 worms
  4 dart slugs
  3 leopard geckos
  6 orcs
  10 bats
  6 giant cockroaches
  6 goblins
  7 hobgoblins
  6 jackals
  6 kobolds
  A quokka (D:3)
  4 frilled lizards
  A quokka skeleton (D:2)
  10 rats
86 creatures vanquished.

Vanquished Creatures (collateral kills)
  An ogre (D:4)
1 creature vanquished.

Grand Total: 87 creatures vanquished

Notes
Turn   | Place    | Note
-------+----------+-------------------------------------------
     0 | D:1      | Voker57 the Demonspawn Monk began the quest for the Orb.
     0 | D:1      | Reached XP level 1. HP: 18/18 MP: 1/1
   123 | D:1      | Gained mutation: A weak demonic guardian rushes to your
                  | aid. [demonic ancestry]
   123 | D:1      | Reached XP level 2. HP: 20/24 MP: 2/2
   682 | D:2      | Found an ancient bone altar of Kikubaaqudgha.
  1024 | D:2      | Found an iron altar of Okawaru.
  1024 | D:2      | Found a bloodstained altar of Trog.
  1051 | D:2      | Gained mutation: You have sharp toenails. [demonic
                  | ancestry]
  1051 | D:2      | Reached XP level 3. HP: 11/29 MP: 3/3
  1228 | D:2      | Gained mutation: Your muscles are strong. (Str +2) [potion
                  | of mutation]
  1228 | D:2      | Gained mutation: You have a beak for a mouth. [potion of
                  | mutation]
  1228 | D:2      | Gained mutation: You have razor-sharp toenails. [potion of
                  | mutation]
  1409 | D:2      | Found a glowing golden altar of the Shining One.
  1775 | D:2      | Reached skill level 4 in Fighting
  1991 | D:2      | Found an ancient bone altar of Kikubaaqudgha.
  2132 | D:3      | Reached XP level 4. HP: 28/37 MP: 4/4
  2401 | D:3      | Gained mutation: You are partially covered in sharp spines.
                  | [demonic ancestry]
  2401 | D:3      | Reached XP level 5. HP: 34/43 MP: 5/5
  2501 | D:3      | Found a shattered altar of Ashenzari.
  2517 | D:3      | Found a white marble altar of Elyvilon.
  2535 | D:3      | Found a shimmering altar of Xom.
  2620 | D:2      | Became a worshipper of Warmaster Okawaru
  2620 | D:2      | Reached * piety under Okawaru
  2620 | D:2      | Reached ** piety under Okawaru
  2781 | D:3      | Reached skill level 1 in Invocations
  2797 | D:3      | Found a runed translucent door.
  2798 | D:3      | Noticed Crazy Yiuf
  2946 | D:3      | Killed Crazy Yiuf
  2974 | D:4      | Noticed an ogre
  2976 | D:4      | Reached skill level 5 in Fighting
  2976 | D:4      | Mutation became permanent: You have sharp toenails.
                  | [demonic ancestry]
  2976 | D:4      | Gained mutation: You have razor-sharp toenails. [demonic
                  | ancestry]
  2976 | D:4      | Reached XP level 6. HP: 46/51 MP: 7/7
  3009 | D:4      | Noticed Grinder
  3017 | D:4      | Killed from afar by Grinder

Levels and vault maps discovered:
D:1:      dpeg_arrival_more_subterranean_lakeside_camping, layout_loops_ring
D:2:      layout_loops_ring, gammafunk_temple_overflow_elements,
          kiku_gazebo_pond_becter, old_standard_altar, lemuel_tele_altar
D:3:      minmay_bubble_buster, layout_basic, evilmike_ruin_ashenzari,
          elyvilon_altar_3, minmay_misc_feat_diagonals, xom_teletrap_fun,
          uniq_crazy_yiuf_cottage
D:4:      layout_gridville, dancing_weapons_uskayaw, lemuel_round_altar,
          first_ration, serial_shops, nicolae_shop_stone, uniq_grinder,
          uniq_duvessa, uniq_blork_the_orc

Skill      XL: |  1  2  3  4  5 |
---------------+----------------+-----
Dodging        | 3 4 |  4.7
Fighting       | 4 5 |  5.2
Invocations    | 2 |  2.5
Long Blades    | |  2.6
Stealth        | |  1.7

Action                   |  1- 3 |  4- 6 || total
-------------------------+-------+-------++-------
Melee: Falchion          |   105 |    93 ||   198
       Kick              |    14 |    33 ||    47
       Peck              |     8 |    18 ||    26
  Use: Scroll            |     6 |     2 ||     8
       Potion            |     4 |     2 ||     6
 Stab: Sleeping          |    12 |     2 ||    14
  Eat: Chunk             |     3 |     4 ||     7
Armor: Robe              |    18 |    10 ||    28
       Scale mail        |       |    31 ||    31
Dodge: Dodged            |    70 |    55 ||   125
       Rpst.: Falchion   |    24 |    17 ||    41

Table legend:
 A = Non-vault XP
 B = Vault XP
 C = Vault XP percentage of total XP
 D = Non-vault monster count
 E = Vault monster count
 F = Vault count percentage of total count
                 A         B        C        D         E       F
            +---------+---------+-------+---------+---------+-------
      Total |     418 |      60 |  12.6 |      77 |      10 |  11.5
            +---------+---------+-------+---------+---------+-------
        D:1 |      22 |       0 |   0.0 |      11 |       0 |   0.0
        D:2 |      71 |       0 |   0.0 |      28 |       0 |   0.0
        D:3 |     183 |      60 |  24.7 |      35 |      10 |  22.2
        D:4 |     142 |       0 |   0.0 |       3 |       0 |   0.0
            +---------+---------+-------+---------+---------+-------
